 Dungeon Crawl Stone Soup version 0.25.1-2-g60ff931df9 (webtiles) character file.

Game seed: 11138828204559042400

32 H0rd4k the Insei (level 3, 0/23 HPs)
             Began as an Octopode Transmuter on Aug 27, 2020.
             Slain by an adder (5 damage)
             ... on level 2 of the Dungeon.
             The game lasted 00:00:54 (1120 turns).

H0rd4k the Insei (Octopode Transmuter)              Turns: 1120, Time: 00:00:55

Health: 0/23       AC:  1    Str:  9    XL:     3   Next: 25%
Magic:  5/6        EV: 13    Int: 16    God:
Gold:   63         SH:  0    Dex: 12    Spells: 0/6 levels left

rFire    . . .     SeeInvis .     - Unarmed
rCold    . . .     Gourm    .   (no shield)
rNeg     . . .     Faith    .   (helmet restricted)
rPois    .         Spirit   .   (no amulet)
rElec    .         Reflect  .   (no ring)
rCorr    .         Harm     .   (no ring)
MR       .....                  (no ring)
Stlth    ++........             (no ring)
HPRegen  0.07/turn              (no ring)
MPRegen  0.10/turn              (no ring)
                                (no ring)
                                (no ring)

@: lethally poisoned (0 -> -8), appendage
A: almost no armour, stealthy swim, amphibious, 8 rings, constrict 8, tentacle
spike 3, camouflage 1, gelatinous body 1
a: End Transformation


You were on level 2 of the Dungeon.
You were not hungry.
One of your tentacles had a temporary spike.
You visited 1 branch of the dungeon, and saw 2 of its levels.

You collected 63 gold pieces.

Inventory:

Missiles
 a - 31 arrows
 g - 10 poisoned darts (quivered)
Wands
 i - a wand of iceblast (9)
Scrolls
 b - 4 scrolls of identify {unknown}
 e - a scroll of fog {unknown}
 f - a scroll of teleportation {unknown}
Potions
 d - a potion of magic {unknown}
Comestibles
 c - 5 rations
 h - 2 chunks of flesh


   Skills:
 + Level 1.0 Fighting
 + Level 2.2 Dodging
 + Level 3.4 Unarmed Combat
 * Level 2.4 Spellcasting
 * Level 2.4 Transmutations


You couldn't memorise any spells.
You knew the following spells:

 Your Spells              Type           Power        Failure   Level  Hunger
a - Beastly Appendage     Tmut           #.....       8%          1    #......
b - Sticks to Snakes      Tmut           #.......     11%         2    ###....
c - Spider Form           Tmut/Pois      #.........   36%         3    ###....

Your spell library contained the following spells:

 Spells                   Type           Power        Failure   Level  Hunger
 Ice Form                 Ice/Tmut       #.......     77%         4    #####..
 Blade Hands              Tmut           #.........   90%         5    ######.


Dungeon Overview and Level Annotations

Branches:
Dungeon (2/15)

Altars:
Ashenzari


Innate Abilities, Weirdness & Mutations

You cannot wear most types of armour.
You are very stealthy in the water. (Stealth+)
You are amphibious.
You can wear up to eight rings at the same time.
You can use your tentacles to constrict eight enemies at once.
Your skin changes colour to match your surroundings (Stealth+).
Your rubbery body absorbs attacks. (AC +1, EV +1)
One of your tentacles bears a large vicious spike.


Message History

You constrict the giant cockroach. The adder bites you.
You are poisoned.
The adder poisons you! The giant cockroach misses you.
You release your grip on the giant cockroach.
You feel sick. The adder bites you.
You closely miss the adder. You grab the adder.
You pierce the adder.
The adder is moderately wounded.
You constrict the adder. The giant cockroach misses you. The adder bites you.
You are lethally poisoned!
The adder poisons you!
You tentacle-slap the adder but do no damage.
You pierce the adder.
The adder is severely wounded.
You constrict the adder.
You feel sick. The giant cockroach misses you. The adder bites you.
* * * LOW HITPOINT WARNING * * *
You barely miss the adder.
You pierce the adder, but do no damage.
The adder is severely wounded.
You constrict the adder. The giant cockroach misses you. The adder bites you.
You die...

## .. ... .... ...#
#.#####..... ....
.....#.).....# ... #..
......†(## #.##.#
.....<#..# #....##
.........### #####...###
##...###...# ##...#.....##
#.# #.#g###...........# ..
#..5S@........###.# # .
#......s.###...#..##.# #
###............##.##.####
#......#..###...........
#.......#..# #....##..###
............. ......##.#..
................#.#......#
.....####....#.._...##...
... #. .......


You could see a crimson imp, an adder, a giant cockroach and a hobgoblin.

Vanquished Creatures
  An ooze (D:1)
  A leopard gecko (D:1)
  2 bats
  2 giant cockroaches (D:1)
  6 goblins (D:1)
  4 hobgoblins
  3 kobolds (D:1)
  A ball python (D:2)
  2 rats
22 creatures vanquished.

Notes
Turn   | Place    | Note
-------+----------+-------------------------------------------
     0 | D:1      | H0rd4k the Octopode Transmuter began the quest for the Orb.
     0 | D:1      | Reached XP level 1. HP: 13/13 MP: 3/3
   152 | D:1      | Reached XP level 2. HP: 6/18 MP: 5/5
   561 | D:1      | Reached XP level 3. HP: 17/23 MP: 6/6
   951 | D:1      | Learned a level 2 spell: Sticks to Snakes
   955 | D:1      | Learned a level 3 spell: Spider Form
  1090 | D:2      | Found a shattered altar of Ashenzari.
  1120 | D:2      | Slain by an adder

Illustrated notes

Levels and vault maps discovered:
D:1:      saegor_arrival_simple_c, layout_loops_cross, minmay_cut_off
D:2:      layout_rooms, ashenzari_altar_1, nicolae_overflow_hidden_temple,
          minmay_heptomino_d4

Action                   || total
-------------------------++-------
Melee: Unarmed           ||    50
       Constrict         ||    13
       Tentacles         ||     7
       Kick              ||     3
 Cast: Beastly Appendage ||     1
 Stab: Sleeping          ||     4
  Eat: Chunk             ||     1
Armor: Skin              ||     2
Dodge: Dodged            ||    35
